[Event "Late-Titled-Tuesday-Blitz-May-07-2024"]
[Site "Chess.com"]
[Date "2024.05.07"]
[Round "1"]
[White "ahmedkandiliii"]
[Black "AEMEffi"]
[Result "1-0"]
[WhiteElo "2645"]
[BlackElo "2324"]
[TimeControl "180+1"]
[EndTime "14:08:01 PDT"]
[Termination "ahmedkandiliii won by resignation"]

1. c4 e5 2. Nc3 Nf6 3. g3 Nc6 4. Bg2 Bc5 5. e3 d5 6. Nge2 dxc4 7. Qa4 O-O 8. Bxc6 bxc6 9. Qxc6 Qd6 10. Qxa8 c6 11. Nb5 cxb5 12. Qg2 Qd3 13. f4 Ne4 14. fxe5 Bb7 15. O-O Nxd2 16. Qxb7 Bxe3+ 17. Kh1 Nxf1 18. Bxe3 Qxe2 19. Bg1 Re8 20. Qg2 Qxg2+ 21. Kxg2 Nd2 22.
Rd1 Ne4 23. Bxa7 c3 24. bxc3 Nxc3 25. Rd2 h5 26. Bd4 b4 27. Kf3 Ra8 28. Bxc3 bxc3 29.
Rc2 g5 30. Ke4 Kg7 31. Kf5 Ra5 32. Rxc3 Rxa2 33. h3 h4 34. Kxg5 hxg3 35. Rxg3 Rf2 36. Kg4 Kg6 37. Rc3 Re2 38. Rc6+ Kg7 39. Rc5 Rh2 40.
h4 Rg2+ 41. Kf5 Rf2+ 42. Kg5 Rg2+ 43. Kh5 Rg1 44. Rc7 Re1 45. Rc5 Rg1 46. Ra5 Rg2 47.
Ra4 Rg1 48. Rg4+ Rxg4 49. Kxg4 Kg6 50. h5+ Kh6 51. Kh4 Kg7 52. Kg5 Kh7 53. Kf6 1-0

[Event "Late-Titled-Tuesday-Blitz-May-07-2024"]
[Site "Chess.com"]
[Date "2024.05.07"]
[Round "1"]
[White "MusicCityMaster"]
[Black "zimmm36"]
[Result "0-1"]
[WhiteElo "2441"]
[BlackElo "2763"]
[TimeControl "180+1"]
[EndTime "14:08:03 PDT"]
[Termination "zimmm36 won by resignation"]

1. d4 Nf6 2. c4 g6 3. Nc3 Bg7 4. e4 d6 5. Nf3 O-O 6. Be2 e5 7. O-O Nc6 8. d5 Ne7 9. b4 h6 10. a4 Kh7 11. a5 c6 12. Ba3 a6 13. Rc1 Bd7 14. Na4 cxd5 15. Nb6 dxe4 16. Nd2 Rb8 17. b5 axb5 18. Bxd6 bxc4 19. Ndxc4 Bc6 20. Nxe5 Be8 21. Bxb8 Qxb8 22. Ned7 Nxd7 23. Nxd7 Bxd7 24. Qxd7 Nf5 25. Rb1 Be5 26. g3 Qa7 27. a6 e3 28. f4 Nd4 29. Rfe1 Nxe2+ 30. Rxe2 Qxa6 31. Qb5 Qxb5 32. Rxb5 Bd4 33. Rxb7 h5 34. Kg2 Kg7 35. Kf3 Rd8 36. Rc2 Kg8 37. Rcc7 Re8 38. Ke2 Rf8 39. Kd3 Re8 40.
Kxd4 e2 41. Re7 e1=Q 42. Rxe1 Rxe1 43. Rb2 Kg7 44. Kd3 Kf6 45. Re2 Rd1+ 46. Ke3 Kf5 47. Kf3 Rd3+ 48. Kg2 f6 49. Rf2 Ra3 50. Re2 Ra4 51.
Rf2 Kg4 52. h3+ Kf5 53. Re2 h4 54. gxh4 Rxf4 55. Rf2 Rxf2+ 56. Kxf2 Kf4 57. Kg2 Ke3 58. Kg3 f5 59. Kg2 f4 60. Kf1 Kf3 61. Kg1 Kg3 62.
h5 gxh5 63. h4 Kxh4 64. Kf2 Kg4 65. Kg2 f3+ 66. Kf2 Kf4 0-1

[Event "Late-Titled-Tuesday-Blitz-May-07-2024"]
[Site "Chess.com"]
[Date "2024.05.07"]
[Round "1"]
[White "ArmanGhevondyanchess"]
[Black "PhileKhoob"]
[Result "0-1"]
[WhiteElo "2620"]
[BlackElo "2317"]
[TimeControl "180+1"]
[EndTime "14:08:03 PDT"]
[Termination "PhileKhoob won by checkmate"]

1. Nf3 Nf6 2. d4 g6 3. g3 Bg7 4. Bg2 d5 5. O-O O-O 6. b3 c5 7. Bb2 Ne4 8. Na3 Nc6 9. c4 dxc4 10. Nxc4 cxd4 11. Nxd4 Bxd4 12. Bxe4 Bxb2 13. Nxb2 Qc7 14. Rc1 Qe5 15. Bg2 Qxb2 16. Rc2 Qf6 17. e3 Bf5 18. Rc4 Rad8 19. Qc1 Bd3 20. Rf4 Qe5 21. Re1 Rc8 22. Qa3 Rfe8 23. h4 h5 24. b4 Bf5 25. Qb3 Be6 26.
Qb1 Bf5 27. Qb3 a6 28. a4 b5 29. axb5 axb5 30. Bd5 e6 31. Bg2 Ne7 32. e4 Nd5 33.
Rxf5 exf5 34. Kh2 Nb6 35. Qd3 Nc4 36. Re2 f4 37. Qf3 fxg3+ 38. fxg3 Rcd8 39. Rf2 Re7 40. Re2 Ra8 41. Qf2 Ra3 42. Rc2 Kg7 43. Ra2 Rxa2 44.
Qxa2 Rd7 45. Qf2 Rd2 46. Qf3 Nd6 47. Kh3 Rd4 48. Qe3 Nxe4 49. Kh2 Qxg3+ 50. Qxg3 Nxg3 51.
Kxg3 Rxb4 52. Bd5 Kf6 53. Ba2 Ke5 54. Bxf7 Rg4+ 55. Kh3 b4 56. Bb3 Rf4 57. Bc2 Rf3+ 58. Kg2 Rc3 59. Bxg6 b3 60. Bxh5 b2 61. Bg6 Rc1 62. Kg3 b1=Q 63. Bxb1 Rxb1 64. Kg4 Kf6 65. Kh5 Rh1 66. Kh6 Rxh4# 0-1

[Event "Late-Titled-Tuesday-Blitz-May-07-2024"]
[Site "Chess.com"]
[Date "2024.05.07"]
[Round "1"]
[White "LuisFSiles"]
[Black "Byniolus"]
[Result "1/2-1/2"]
[WhiteElo "2479"]
[BlackElo "2815"]
[TimeControl "180+1"]
[EndTime "14:08:05 PDT"]
[Termination "Game drawn - insufficient material"]

1. e4 d6 2. Nc3 Nf6 3. f4 d5 4.
e5 d4 5. exf6 dxc3 6. fxg7 cxd2+ 7. Qxd2 Bxg7 8. Qxd8+ Kxd8 9. c3 c6 10. Nf3 Kc7 11. Be3 Bf5 12. O-O-O Nd7 13. h3 Nb6 14. Bd3 Bxd3 15. Rxd3 Rad8 16. Rhd1 Rxd3 17. Rxd3 Nd5 18. g4 h5 19. g5 e6 20. a3 a5 21. c4 Nxe3 22.
Rxe3 Rd8 23. b3 b5 24. cxb5 cxb5 25. Kc2 Kb6 26. Rd3 Rc8+ 27. Kd2 Rc7 28. h4 a4 29.
bxa4 bxa4 30. Ne5 Bxe5 31. fxe5 Rc4 32. Rf3 Rxh4 33. Rxf7 Kc5 34. Ra7 Rg4 35. g6 Rxg6 36. Rxa4 Rh6 37. Rh4 Kd5 38. Ke3 Kxe5 39. a4 Kf5 40. a5 Kg5 41. Ra4 Rh7 42. a6 Ra7 43.
Kf3 Kf5 44. Ra5+ e5 45. Ra1 h4 46. Ra4 h3 47. Kg3 e4 48. Kxh3 Kf4 49. Kg2 Ke3 50. Kf1 Kf3 51. Ra5 e3 52. Rf5+ Ke4 53. Rf6 Kd3 54.
Rd6+ Kc4 55. Ke2 Kb5 56. Kxe3 Rxa6 57. Rxa6 Kxa6 1/2-1/2

[Event "Late-Titled-Tuesday-Blitz-May-07-2024"]
[Site "Chess.com"]
[Date "2024.05.07"]
[Round "1"]
[White "SchmakAttack"]
[Black "Zampronha1971"]
[Result "1-0"]
[WhiteElo "2776"]
[BlackElo "2452"]
[TimeControl "180+1"]
[EndTime "14:08:05 PDT"]
[Termination "SchmakAttack won on time"]

1. d4 Nf6 2. c4 e6 3. Nc3 Bb4 4. e3 O-O 5. Bd2 d5 6. Rc1 c5 7. dxc5 Na6 8. cxd5 exd5 9. Bxa6 bxa6 10. Nf3 Bxc5 11.
O-O Bb7 12. Na4 Bb6 13. Nc5 Qe7 14. Bb4 Rfc8 15. Qd4 Bxc5 16. Bxc5 Qe4 17. Bxa7 Qxd4 18. Bxd4 Ne4 19. Ne5 f6 20. Nd7 Rxc1 21. Rxc1 Rc8 22. Rxc8+ Bxc8 23. Nb6 Bb7 24. f3 Nd6 25. Kf2 Kf7 26.
b3 Ke6 27. g4 Bc6 28. a4 Bb7 29. Ke2 Nc8 30. Nxc8 Bxc8 31. Kd3 Kd6 32. Kc3 Kc6 33.
Kb4 Be6 34. Ka5 Kb7 35. b4 Bd7 36. b5 axb5 37. axb5 Be8 38. Kb4 Bd7 39. Kc5 Be8 40. h4 Bd7 41. g5 fxg5 42. hxg5 h6 43. g6 Be8 44. Bxg7 h5 45. Bf6 Bxg6 46. Kxd5 Be8 47. Kc5 Bg6 48. e4 Bh7 49. Bh4 Bg6 50. Bf2 Bh7 51. Kd6 Bg6 52. e5 h4 53. Bxh4 Kb6 54. e6 Kxb5 55. e7 Kc4 56. f4 Kd4 57. f5 Be8 58. Ke6 Kc5 59. f6 Kc6 60. f7 1-0

[Event "Late-Titled-Tuesday-Blitz-May-07-2024"]
[Site "Chess.com"]
[Date "2024.05.07"]
[Round "1"]
[White "gunslinger222"]
[Black "Emp3rador"]
[Result "1/2-1/2"]
[WhiteElo "2309"]
[BlackElo "2623"]
[TimeControl "180+1"]
[EndTime "14:08:06 PDT"]
[Termination "Game drawn by repetition"]

1. d4 d5 2. Bg5 h6 3. Bh4 c5 4.
Nc3 g5 5. Bg3 Nc6 6. Nf3 Bg7 7.
e3 g4 8. Ne5 Nxe5 9. Bxe5 Bxe5 10. dxe5 Be6 11. Bb5+ Kf8 12. Be2 h5 13. h3 gxh3 14.
gxh3 h4 15. Bg4 Bxg4 16. Qxg4 Nh6 17. Qxh4 e6 18. Qxd8+ Rxd8 19. O-O-O Ke7 20. Ne2 Nf5 21. Nf4 d4 22. e4 Nh4 23. Rd3 Rdg8 24. b3 Ng2 25. Nxg2 Rxg2 26. c3 dxc3 27. Rxc3 b6 28. b4 Rxf2 29. bxc5 bxc5 30. Ra3 Rh4 31. Rxa7+ Kf8 32.
a4 Rxe4 33. a5 Ra4 34. Kb1 Rb4+ 35. Ka1 Re2 36. Rf1 Rxe5 37. Rfxf7+ Kg8 38. Rg7+ Kf8 39. Rgf7+ Kg8 40. Rg7+ Kf8 41. Raf7+ Ke8 42. Rb7 Rxb7 43. Rxb7 c4 44. Kb2 Rxa5 45. Kc3 Rh5 46. Kxc4 Rxh3 47. Kd4 Rh5 48. Ke4 Rd5 49. Ra7 Rd7 50. Rxd7 Kxd7 51.
Ke5 Ke7 52. Ke4 Kd6 53. Kd4 e5+ 54. Ke4 Ke6 55. Ke3 Kd5 56. Kd3 e4+ 57. Ke3 Ke5 58. Ke2 Kd4 59. Kd2 e3+ 60. Ke2 Ke4 61. Ke1 Kf4 62. Ke2 Ke4 63. Ke1 Kf3 64. Kf1 Kf4 65.
Ke2 Ke4 1/2-1/2

[Event "Late-Titled-Tuesday-Blitz-May-07-2024"]
[Site "Chess.com"]
[Date "2024.05.07"]
[Round "1"]
[White "WilsonPalencia21"]
[Black "OparinGrigoriy"]
[Result "0-1"]
[WhiteElo "2543"]
[BlackElo "2999"]
[TimeControl "180+1"]
[EndTime "14:08:07 PDT"]
[Termination "OparinGrigoriy won on time"]

1. d4 Nf6 2. c4 e6 3. Nf3 b6 4. g3 Ba6 5. Qc2 c5 6. d5 exd5 7. cxd5 Bb7 8. Bg2 Nxd5 9. O-O Be7 10. Rd1 Nc6 11. a3 Nf6 12. e4 O-O 13. Nc3 Qb8 14.
Bf4 d6 15. Rd2 Ne5 16. Rad1 a6 17. Nxe5 dxe5 18. Bg5 h6 19. Bxf6 Bxf6 20. Nd5 Bd8 21. a4 Qc8 22. f4 exf4 23. gxf4 b5 24. axb5 axb5 25. f5 Ra4 26. f6 Bxf6 27. Nb6 Qc7 28. Nxa4 bxa4 29. Qxa4 Qf4 30. Qb5 Qe3+ 31. Kf1 Bc8 32. Qe2 Qf4+ 33. Qf2 Qxh2 34. Qxc5 Bg4 35. Ra1 Rc8 36. Qg1 Qe5 37. Qf2 Qh2 38. Qg1 Qb8 39. Qf2 Bg5 40. Rc2 Rd8 41. Re1 Be6 42. e5 g6 43. Kg1 h5 44. Kh1 h4 45. Rc3 Bd2 46. Re2 Bxc3 47. bxc3 Qb1+ 48. Kh2 Qd3 49. Re3 Qd2 50. Qxd2 Rxd2 51. Kg1 g5 52. Be4 Kg7 53. Rd3 Rc2 54. Re3 Rc1+ 55. Kf2 g4 56. Bd3 Rxc3 57.
Be2 Rc2 58. Re4 g3+ 59. Ke3 g2 0-1

[Event "Late-Titled-Tuesday-Blitz-May-07-2024"]
[Site "Chess.com"]
[Date "2024.05.07"]
[Round "1"]
[White "SergioMoralesG"]
[Black "NMJeevanK"]
[Result "1-0"]
[WhiteElo "2468"]
[BlackElo "2762"]
[TimeControl "180+1"]
[EndTime "14:08:07 PDT"]
[Termination "SergioMoralesG won on time"]

1. d4 d6 2. Nf3 g6 3. c4 Bg7 4. e4 Nc6 5. d5 Ne5 6. Nxe5 Bxe5 7.
Be2 c6 8. Nc3 Nf6 9. Qc2 O-O 10.
O-O cxd5 11. Nxd5 Nxd5 12. cxd5 Bd7 13. Be3 Rc8 14. Qb3 b6 15. Rac1 f5 16. exf5 Bxf5 17. Ba6 Rxc1 18. Rxc1 Qe8 19. Rc7 Qf7 20. Rxa7 Be4 21.
Bf1 Bxd5 22. Qxb6 Bxa2 23. Qc7 Bb3 24. Qxe7 Qxe7 25. Rxe7 Ra8 26. f4 Bg7 27. Rb7 Be6 28.
b4 Ra1 29. Kf2 Ra2+ 30. Kg3 Ra3 31. Kf2 Ra2+ 32. Kg3 Bc3 33. b5 Ra3 34. Re7 Bd5 35. h3 Bd4 36. Kf2 Ra2+ 37. Kg3 Ra3 38. Kf2 Ra2+ 39.
Kg3 Bf6 40. Rd7 Ra3 41. Kf2 Bh4+ 42. g3 Bxg3+ 43. Kxg3 Rxe3+ 44. Kh4 Rf3 45. Rxd6 Rxf4+ 46. Kg3 Rf3+ 47. Kg4 Be4 48. Bc4+ Kf8 49. b6 Rc3 50. Bd5 Bf5+ 51. Kg5 Kg7 52. b7 h6+ 53. Kf4 Rc1 54. Rd8 Rf1+ 55. Kg3 Kf6 56. b8=Q Rg1+ 57. Kf2 Rc1 58. Qd6+ Kg5 59. Qg3+ Kf6 60. Rd6+ 1-0

[Event "Late-Titled-Tuesday-Blitz-May-07-2024"]
[Site "Chess.com"]
[Date "2024.05.07"]
[Round "1"]
[White "Sanan_Sjugirov"]
[Black "Pingah9"]
[Result "1-0"]
[WhiteElo "3028"]
[BlackElo "2548"]
[TimeControl "180+1"]
[EndTime "14:08:13 PDT"]
[Termination "Sanan_Sjugirov won by resignation"]

1. e4 g6 2. d4 Bg7 3. Nf3 d6 4. Bc4 e6 5. Bb3 Ne7 6. c3 h6 7.
Nbd2 O-O 8. Nf1 a6 9. Ng3 Nd7 10. O-O b6 11. Re1 Bb7 12. Be3 Kh7 13. Bc2 Rc8 14.
h4 c5 15. h5 Qc7 16. Rc1 e5 17. d5 c4 18. Qd2 b5 19. Nh2 g5 20. Ng4 Nc5 21.
Nf5 Nxf5 22. exf5 f6 23. f3 Rf7 24. Nf2 Bf8 25. Ne4 Nxe4 26. Bxe4 Be7 27. a4 Bd8 28. axb5 axb5 29. Ra1 Ra8 30. Qf2 Qb8 31. Ba7 Qc8 32.
Ra3 Rd7 33. Rea1 Bc7 34. Kh2 Kg8 35. Kg3 Kf7 36. b3 Ke7 37. bxc4 bxc4 38. Ra4 Qe8 39. Kg4 Qf7 40. Qd2 Rdd8 41. Rxc4 Bb8 42. Rca4 Bc7 43. c4 Bc8 44. c5 Bd7 45. c6 Be8 46. Rh1 Kf8 47. Qa2 Rdc8 48. Kg3 Kg7 49. Be3 Bxc6 50. Rxa8 Rxa8 51. Qc4 Be8 52. Kf2 Ra4 53. Qc2 Qd7 54. Rc1 Ba5 55. Kg3 Bxh5 56. Qc6 Be8 57.
Rb1 Qxc6 58. dxc6 Rc4 59. Rb7+ Kg8 60. Bd5+ 1-0

[Event "Late-Titled-Tuesday-Blitz-May-07-2024"]
[Site "Chess.com"]
[Date "2024.05.07"]
[Round "1"]
[White "Szparu"]
[Black "robertoalejandro10"]
[Result "1-0"]
[WhiteElo "2925"]
[BlackElo "2528"]
[TimeControl "180+1"]
[EndTime "14:08:13 PDT"]
[Termination "Szparu won by resignation"]

1. e4 c5 2. c3 d5 3. exd5 Qxd5 4. d4 g6 5. Nf3 cxd4 6. cxd4 Bg7 7. Nc3 Qa5 8. Bc4 Nf6 9. O-O O-O 10. Re1 Bg4 11. h3 Bxf3 12. Qxf3 Nc6 13. d5 Nd4 14. Qd1 Nd7 15. Rxe7 Nb6 16. Bf1 Nxd5 17. Rxb7 Nxc3 18.
bxc3 Qxc3 19. Bb2 Qc6 20. Rb4 Ne6 21. Bxg7 Kxg7 22. Rc1 Rad8 23. Qe1 Qd6 24. Ra4 Rd7 25. Ra6 Qd4 26. Rc4 Qf6 27. Rca4 Rfd8 28. Be2 Qg5 29.
Qc3+ Kg8 30. Qe3 Qxe3 31. fxe3 Rd2 32. Bc4 Rc2 33. Rxa7 Rdd2 34. Bf1 Ng5 35. Rf4 f5 36. Rb4 Rd8 37. Rc4 Rxc4 38. Bxc4+ Kh8 39. a4 Ne4 40. a5 Rd1+ 41. Kh2 Rc1 42. Bd5 Nd2 43.
Kg3 Rc5 44. Bf3 Ne4+ 45. Bxe4 fxe4 46. Kf4 Rc4 47. a6 Ra4 48. Ke5 Kg8 49. g4 h5 50. g5 Ra3 51. Kxe4 Ra5 52. Kf4 Kh8 53. h4 Kg8 54. e4 Kf8 55. e5 Kg8 56. Ke4 Kf8 57. Kd4 Kg8 58. e6 Kf8 59. Ke4 Kg8 60. Ra8+ Kg7 61. e7 Kh7 62. e8=Q Re5+ 63. Kxe5 1-0

[Event "Late-Titled-Tuesday-Blitz-May-07-2024"]
[Site "Chess.com"]
[Date "2024.05.07"]
[Round "1"]
[White "Galileo22"]
[Black "NovakRatko"]
[Result "0-1"]
[WhiteElo "2687"]
[BlackElo "2414"]
[TimeControl "180+1"]
[EndTime "14:08:13 PDT"]
[Termination "NovakRatko won by checkmate"]

1. d4 d5 2. Bg5 c5 3. e3 cxd4 4. exd4 Nc6 5. c3 f6 6. Be3 e5 7. Nf3 e4 8. Nfd2 f5 9. c4 Nf6 10. Nc3 Be6 11. Qb3 Na5 12. Qa4+ Bd7 13. Qd1 Be6 14.
Bg5 dxc4 15. Bxf6 gxf6 16. Qh5+ Ke7 17. d5 Bd7 18. O-O-O Qe8 19. Qh4 Qg6 20. Qf4 Rc8 21. Qe3 b6 22. f4 Kf7 23. Kb1 Bc5 24. Qe1 Bd6 25. g3 h5 26. Be2 h4 27. Rg1 hxg3 28. hxg3 Rh2 29. Nf1 Rh6 30. Ne3 Rh2 31. Rg2 Rxg2 32.
Nxg2 Rg8 33. Qh1 Qxg3 34. Rg1 Qf2 35. Qh7+ Rg7 36. Qh5+ Ke7 37. Qh1 Bc5 38. Rf1 Qxg2 39. Qh8 Rf7 40. Qb8 Bb4 41. d6+ Bxd6 42. Nd5+ Ke6 43. Qa8 Qxe2 44. Rc1 Qd3+ 45. Ka1 Qxd5 46. Qg8 Qd3 47. Rg1 Qe3 48. Rd1 Qe2 49. Rb1 Bxf4 50. Qa8 Qd3 51. Qxa7 Nc6 52. Qxb6 Be5 53. Qb5 Qc2 54. Qc5 e3 55. Qb5 e2 56. Qc5 Qxb2+ 57. Rxb2 e1=Q# 0-1

[Event "Late-Titled-Tuesday-Blitz-May-07-2024"]
[Site "Chess.com"]
[Date "2024.05.07"]
[Round "1"]
[White "Fins0905"]
[Black "WPWPWP-2015"]
[Result "0-1"]
[WhiteElo "2733"]
[BlackElo "2446"]
[TimeControl "180+1"]
[EndTime "14:08:14 PDT"]
[Termination "WPWPWP-2015 won by resignation"]

1. Nf3 Nf6 2. c4 e6 3. Nc3 d5 4.
cxd5 exd5 5. d4 Bd6 6. Bg5 c6 7. e3 O-O 8. Bd3 Nbd7 9. O-O Re8 10. Bf4 Qc7 11. Bxd6 Qxd6 12. Qc2 h6 13. Rab1 a5 14. a3 b5 15. Rfc1 Bb7 16. h3 Rac8 17. Nd2 Nb6 18. Nb3 Nc4 19. Bxc4 dxc4 20. Nxa5 Ba8 21. b4 Nd5 22.
Ne4 Qe7 23. Nc5 Rcd8 24. Qf5 Rd6 25. Qh5 Rg6 26. Rf1 Kh8 27. Rbe1 Rg5 28. Qf3 Nc7 29. e4 Ne6 30. Nxe6 Qxe6 31. Qf4 Qd7 32. Rd1 Rg6 33. Kh2 Rf6 34. Qe3 Qc7+ 35. Kg1 c5 36.
f3 cxd4 37. Rxd4 Rg6 38. Qf2 Kh7 39. Rfd1 Qf4 40. Rd7 Bc6 41. Ra7 c3 42. Ra6 Ree6 43.
Nxc6 Rxc6 44. Rxc6 Rxc6 45. Qc2 Qe3+ 46. Kf1 g6 47.
Rd3 Qf4 48. Rxc3 Rd6 49. Rd3 Re6 50. Qd2 Qh2 51. Kf2 Qe5 52. Rd5 Qa1 53. Rxb5 Rc6 54. Rc5 Rf6 55. Rc3 Qb1 56. h4 Qxe4 57. g3 Qf5 58.
Kg2 Qe5 59. Re3 Qa1 60. Qd4 Qxd4 61. Re4 Qd2+ 0-1

[Event "Late-Titled-Tuesday-Blitz-May-07-2024"]
[Site "Chess.com"]
[Date "2024.05.07"]
[Round "1"]
[White "Naoki"]
[Black "campochess"]
[Result "1-0"]
[WhiteElo "2586"]
[BlackElo "2141"]
[TimeControl "180+1"]
[EndTime "14:08:14 PDT"]
[Termination "Naoki won on time"]

1. e4 c5 2. Nf3 Nc6 3. d4 cxd4 4. Nxd4 e5 5. Nb5 a6 6. N5c3 Bc5 7. Nd5 d6 8. c4 Be6 9. Nbc3 Nge7 10. g3 O-O 11.
Bg2 Bxd5 12. Nxd5 Nxd5 13. cxd5 Ne7 14. O-O f5 15. exf5 Nxf5 16. Qd3 Qb6 17. Be4 g6 18.
Rb1 Ng7 19. Qe2 a5 20. b3 Rf7 21. Kg2 Raf8 22. f3 Nf5 23. a3 Nd4 24. Qd3 Qb5 25.
Qd1 Qe2+ 26. Qxe2 Nxe2 27. Bd2 Nd4 28. Bxa5 Ra8 29. b4 Ba7 30. b5 Bc5 31. Bb4 Bxb4 32. axb4 Nxb5 33. Rbc1 Nd4 34. f4 exf4 35. gxf4 Ra2+ 36.
Kh1 Re2 37. Bd3 Re3 38. Bb1 Rfe7 39. Rcd1 Nf3 40. f5 gxf5 41. Bxf5 Kh8 42. Be6 Rg7 43. Rf2 h5 44. Rdf1 Nd4 45. Rf8+ Kh7 46. R8f7 Rxf7 47.
Rxf7+ Kg6 48. Rxb7 Nf3 49. Kg2 Nh4+ 50. Kf2 Rb3 51. b5 Kg5 52. b6 Ng6 53. Rb8 Nf4 54. b7 Kh4 55. Ke1 Rb2 56. Kd1 Nd3 57. Bc8 Nc5 58. Kc1 Rb4 59. Kc2 1-0

[Event "Late-Titled-Tuesday-Blitz-May-07-2024"]
[Site "Chess.com"]
[Date "2024.05.07"]
[Round "1"]
[White "GMKrikor"]
[Black "MaiqMaster"]
[Result "1-0"]
[WhiteElo "2834"]
[BlackElo "2491"]
[TimeControl "180+1"]
[EndTime "14:08:17 PDT"]
[Termination "GMKrikor won on time"]

1. Nf3 c5 2. c4 Nc6 3. Nc3 e5 4. e3 Nf6 5. d4 e4 6. d5 exf3 7. dxc6 dxc6 8. Qxd8+ Kxd8 9. gxf3 g6 10. b3 Bg7 11.
Bb2 Kc7 12. Ne4 Nh5 13. Bxg7 Nxg7 14. Nxc5 Re8 15. O-O-O b6 16. Ne4 a5 17. Kb2 a4 18.
Bg2 Nf5 19. h4 Be6 20. Nf6 Red8 21. Rxd8 Rxd8 22. Kc3 b5 23. Nxh7 bxc4 24. bxc4 Nd6 25. Bf1 Rb8 26. Bd3 a3 27. Ng5 Bf5 28. e4 Be6 29. e5 Nf5 30. Nxe6+ fxe6 31. h5 gxh5 32. Bxf5 exf5 33. Rxh5 Rb2 34. Rxf5 Kd7 35. Rf6 Rxa2 36.
Kb3 Rxf2 37. Kxa3 Re2 38. f4 c5 39. Kb3 Re3+ 40. Kc2 Ke7 41. Kd2 Rf3 42. Ke2 Rc3 43.
Ra6 Rxc4 44. Ke3 Rc1 45. Ke4 c4 46. Rc6 c3 47. Kf5 c2 48. Rc7+ Kd8 49. Rc3 Ke7 50. e6 Kd6 51. Rc8 Ke7 52. Rc6 Kd8 53. Rd6+ Ke7 54.
Rd7+ Ke8 55. Rd2 Ke7 56. Rh2 Kd6 57. Kf6 Re1 58. Rd2+ Kc5 59. Rxc2+ 1-0

[Event "Late-Titled-Tuesday-Blitz-May-07-2024"]
[Site "Chess.com"]
[Date "2024.05.07"]
[Round "1"]
[White "ChessAdvanceUSA"]
[Black "KNVB"]
[Result "0-1"]
[WhiteElo "2461"]
[BlackElo "2802"]
[TimeControl "180+1"]
[EndTime "14:08:19 PDT"]
[Termination "KNVB won by resignation"]

1. Nf3 a5 2. e4 Ra6 3. Bxa6 Nxa6 4. O-O e6 5. d4 b6 6. Nc3 Bb7 7. Bg5 Qa8 8. Re1 h6 9. Bh4 d6 10. d5 e5 11. Nb5 Be7 12. Bxe7 Nxe7 13. Nh4 g5 14.
Nf3 O-O 15. a3 f5 16. c4 Qc8 17. Qc2 fxe4 18. Qxe4 Nc5 19. Qc2 a4 20. Nc3 Qd7 21. Ne4 Nb3 22. Rad1 Nf5 23. Rd3 Bc8 24. h3 Qg7 25.
Rxb3 axb3 26. Qxb3 g4 27. hxg4 Qxg4 28. Nh2 Qg6 29. Ng3 Nd4 30. Qd1 Bd7 31. b4 Kh8 32.
c5 bxc5 33. bxc5 Qf6 34. c6 Qxf2+ 35. Kh1 Be8 36. Ne4 Qh4 37. g3 Qh3 38. Qg4 Qxg4 39. Nxg4 Kg7 40. Ne3 Bg6 41. Nc3 Ra8 42. Ra1 h5 43.
Kg2 Ra5 44. g4 h4 45. Kh3 Rc5 46. Rc1 Nf3 47. Kg2 Ng5 48. Ne2 h3+ 49. Kh2 Ra5 50. Rc3 Ne4 51. Rb3 Nc5 52. Rc3 Ne4 53. Rb3 Nc5 54.
Rc3 Kf6 55. Kxh3 Ra4 56. Kh2 Bf7 57. Ng3 Kg5 58. Nc4 Bxd5 59. Ne3 Bxc6 60. Rc4 Rxa3 61.
Nef1 Ra2+ 62. Kh3 Bg2+ 63. Kh2 Bxf1+ 64. Kg1 Bxc4 0-1

[Event "Late-Titled-Tuesday-Blitz-May-07-2024"]
[Site "Chess.com"]
[Date "2024.05.07"]
[Round "1"]
[White "alexrustemov"]
[Black "EsmeraldasAnderson03"]
[Result "1-0"]
[WhiteElo "2935"]
[BlackElo "2530"]
[TimeControl "180+1"]
[EndTime "14:08:20 PDT"]
[Termination "alexrustemov won on time"]

1. d4 d5 2. c4 dxc4 3. Nf3 a6 4. e3 Nf6 5. Bxc4 e6 6. O-O c5 7. e4 cxd4 8. e5 Nd5 9. Qxd4 Nc6 10. Qe4 b5 11.
Bb3 Bb7 12. Rd1 Na5 13. Bc2 Qb6 14. Qg4 Rc8 15. Be4 Nb4 16. Nc3 g6 17. Bxb7 Nxb7 18.
Ne4 Be7 19. Bh6 Nd5 20. h4 Nc5 21. Nfg5 Nd7 22. Qg3 Qc7 23. Nd6+ Bxd6 24. exd6 Qb6 25. Rac1 Rc4 26. b3 Rc6 27. Rxc6 Qxc6 28. Ne4 f5 29. Rc1 Qb7 30. Ng5 e5 31. Bg7 Nf4 32. Kh2 Nh5 33. Rc7 Nxg3 34. Rxb7 Rg8 35. Bh6 Ne4 36. Nxe4 fxe4 37. Ra7 a5 38. Rxa5 Kf7 39. Rxb5 Ke6 40. a4 Kxd6 41. Be3 Kc6 42. Rb4 Kd5 43. Rb5+ Kc6 44. g4 Rc8 45. g5 Re8 46. Kg3 Ra8 47. Kg2 Rf8 48. Kf1 Rc8 49. Ke2 Rd8 50. Kd2 Re8 51.
Kc3 Re6 52. Kc4 Rd6 53. b4 Rd3 54. Ra5 Ra3 55. Ra6+ Kc7 56. b5 Ra1 57. Kd5 Rd1+ 58. Kxe4 Ra1 59. a5 Kb7 60. Kd5 Nb8 61. Rb6+ Kc7 62.
a6 Kc8 63. Rb7 Rb1 64. Kxe5 1-0

[Event "Late-Titled-Tuesday-Blitz-May-07-2024"]
[Site "Chess.com"]
[Date "2024.05.07"]
[Round "1"]
[White "IlanSchnaider"]
[Black "FredddieCroderg"]
[Result "1-0"]
[WhiteElo "2732"]
[BlackElo "2415"]
[TimeControl "180+1"]
[EndTime "14:08:20 PDT"]
[Termination "IlanSchnaider won by resignation"]

1. Nf3 d5 2. b3 c5 3. Bb2 Nc6 4. e3 Nf6 5. Bb5 Bd7 6. O-O e6 7. d4 a6 8. Bxc6 Bxc6 9. Nbd2 Be7 10. dxc5 Bxc5 11. Ne5 O-O 12. Qf3 Ne4 13. Nxe4 dxe4 14.
Qg3 f6 15. Nxc6 bxc6 16. Qg4 Qd5 17. Rad1 Qf5 18. Qxf5 exf5 19. Rd7 Rfd8 20. Rfd1 Bb6 21. Kf1 Rxd7 22. Rxd7 Rd8 23. Rxd8+ Bxd8 24. Ke2 Kf7 25. Kd2 Ke6 26. Ba3 Bc7 27. h3 f4 28. Bc5 fxe3+ 29. Kxe3 f5 30. h4 Kd5 31. Bf8 f4+ 32. Ke2 g6 33. Bg7 Bd8 34. Bh6 Ke5 35. g3 fxg3 36. fxg3 Kf5 37. c4 Kg4 38. Bf4 Bxh4 39. b4 Be7 40. c5 h5 41. Bd6 Bd8 42. a4 g5 43.
Ke3 h4 44. gxh4 gxh4 45. Kxe4 h3 46. Kd4 Bg5 47. b5 axb5 48. axb5 cxb5 49. c6 Bf6+ 50. Kc5 Be7 51. c7 Bxd6+ 52. Kxd6 h2 53. c8=Q+ Kg3 54.
Qc6 Kf2 55. Qh1 Kg3 56. Kc5 b4 57. Kxb4 Kh3 58. Kc3 Kg3 59. Kd3 Kh3 60. Ke3 Kg3 61. Ke2 Kh4 62. Qxh2+ Kg4 63. Ke3 1-0

[Event "Late-Titled-Tuesday-Blitz-May-07-2024"]
[Site "Chess.com"]
[Date "2024.05.07"]
[Round "1"]
[White "Smiechu"]
[Black "Maitreia"]
[Result "1-0"]
[WhiteElo "2426"]
[BlackElo "2701"]
[TimeControl "180+1"]
[EndTime "14:08:21 PDT"]
[Termination "Smiechu won by checkmate"]

1. e4 c5 2. Nf3 g6 3. d4 cxd4 4. Nxd4 Bg7 5. Nc3 Nc6 6. Be3 Nf6 7. Bc4 O-O 8. Bb3 a5 9. O-O a4 10. Nxa4 Nxe4 11. Nb5 d5 12. c3 e6 13. f3 Nd6 14.
Nxd6 Qxd6 15. Bc5 Qf4 16. Bxf8 Bxf8 17. Kh1 Qe3 18. Re1 Qa7 19. c4 dxc4 20. Bc2 Nd4 21. Nc3 b5 22. Be4 Rb8 23. Qd2 Bc5 24. Rad1 Bd7 25.
Bb1 Bc6 26. Ne4 Bxe4 27. Rxe4 Rd8 28. b3 Rd6 29. bxc4 bxc4 30. Qc1 Qa4 31. h3 Ne2 32.
Bc2 Ng3+ 33. Kh2 Qd7 34. Kxg3 Qc7 35. Qf4 f5 36. Red4 g5 37. Qe5 Rc6 38. Qxc7 Rxc7 39. Rd8+ Bf8 40. Kh2 Kf7 41. Kg1 Be7 42. R8d7 Rc5 43.
Rb7 Kf6 44. Rdd7 Bd6 45. h4 Bf4 46. hxg5+ Bxg5 47. g3 Be3+ 48. Kf1 f4 49. Ke2 Ke5 50. gxf4+ Bxf4 51. Rxh7 Rd5 52. Rh5+ Kf6 53. Rxd5 exd5 54. a4 d4 55. a5 Ke6 56. a6 Bb8 57. Rxb8 d3+ 58.
Bxd3 cxd3+ 59. Kxd3 Kd6 60. a7 Kc7 61. a8=Q Kd6 62.
Qa5 Ke7 63. Rb6 Kf7 64. Qa7+ Ke8 65. Rb8# 1-0

[Event "Late-Titled-Tuesday-Blitz-May-07-2024"]
[Site "Chess.com"]
[Date "2024.05.07"]
[Round "1"]
[White "Casablanca"]
[Black "Hakiki_satranc"]
[Result "1/2-1/2"]
[WhiteElo "2702"]
[BlackElo "2409"]
[TimeControl "180+1"]
[EndTime "14:08:23 PDT"]
[Termination "Game drawn by repetition"]

1. c4 c5 2. Nf3 Nc6 3. g3 e5 4.
Nc3 g6 5. Bg2 Bg7 6. O-O Nge7 7.
d3 O-O 8. Ne1 d6 9. Nc2 Be6 10.
Ne3 Qd7 11. Ned5 Bh3 12. Rb1 Bxg2 13. Kxg2 Nxd5 14. Nxd5 Ne7 15. e4 Nxd5 16. cxd5 f5 17. f3 fxe4 18. dxe4 b5 19. h4 a5 20. h5 gxh5 21.
Rh1 Qf7 22. Bd2 a4 23. Qe2 Bf6 24. Rh3 h4 25. g4 Rab8 26. Kh1 Bg7 27. Rf1 a3 28. b3 c4 29. bxc4 bxc4 30. Bc3 Bh6 31. Rxh4 Bg5 32. Rh5 h6 33. Kg2 Rb7 34. Qxc4 Rc7 35.
Qd3 Rfc8 36. Bd2 Rc2 37. Rf2 Qa7 38. Re2 Qd4 39. Rxg5+ hxg5 40. Qa6 R8c7 41. Qxd6 Qc5 42. Qe6+ Rf7 43. Qg6+ Rg7 44. Qe8+ Qf8 45. Qxe5 Qf7 46. Rf2 Rg6 47. Bxg5 Rxf2+ 48. Kxf2 Qa7+ 49. Kg2 Qf7 50. d6 Qxa2+ 51. Kg3 Qe6 52. Qd4 Qxd6+ 53. Qxd6 Rxd6 54. Bc1 Ra6 55. Bd2 a2 56. Bc3 Ra3 57. Ba1 Rb3 58. e5 Rb1 59. Bd4 a1=Q 60. Bxa1 Rxa1 61. Kf4 Kf7 62.
Kf5 Ra4 63. f4 Rb4 64. Kg5 Rb5 65. Kf5 Ra5 66. Kg5 Rb5 67. Kf5 Ra5 68. Kg5 Rb5 1/2-1/2